 Dungeon Crawl Stone Soup version 0.19.1-1-g22dce08 (webtiles) character file.

67 Alarkh the Chopper (level 4, 26/35 HPs)
             Began as a Demonspawn Monk on Jan 4, 2017.
             Quit the game on level 2 of the Dungeon.
             The game lasted 00:02:19 (2069 turns).

Alarkh the Chopper (Demonspawn Monk)                Turns: 2069, Time: 00:02:20

Health: 26/35      AC:  7    Str: 10 (12) XL:     4   Next: 0%
Magic:  4/4        EV: 11    Int: 10 (12) God:
Gold:   98         SH:  0    Dex: 12 (15) Spells: 0 memorised, 3 levels left

rFire  . . .     SeeInvis .     a - +0 hand axe
rCold  . . .     Gourm    .     g - +0 ring mail (curse)
rNeg   . . .     Faith    .     (no shield)
rPois  .         Spirit   .     (no helmet)
rElec  .         Reflect  .     (no cloak)
rCorr  .         Harm     .     (no gloves)
MR     .....                    (no boots)
Stlth  +.........               (no amulet)
                                (no ring)
                                (no ring)

@: no status effects
A: claws 1, thin metallic scales 1
a: no special abilities


You were on level 2 of the Dungeon.
You were hungry.

You visited 1 branch of the dungeon, and saw 3 of its levels.

You collected 98 gold pieces.

Inventory:

Hand Weapons
 a - a +0 hand axe (weapon)
Armour
 b - a +0 robe
 g - a cursed +0 ring mail (worn)
Scrolls
 e - a scroll of identify {unknown}
 f - a scroll of magic mapping {unknown}
 h - a scroll of remove curse {unknown}
 i - a scroll of fear {unknown}
Comestibles
 c - 2 bread rations
 l - 2 beef jerkies


   Skills:
 - Level 3.0 Fighting
 + Level 4.4 Axes
 - Level 2.6 Dodging
 - Level 1.7 Stealth


You had 3 spell levels left.
You didn't know any spells.

Dungeon Overview and Level Annotations

Branches:
Dungeon (3/15)

Altars:

Annotations:
D:3 Sigmund


Innate Abilities, Weirdness & Mutations

You have sharp fingernails.
You are partially covered in thin metallic scales. (AC +2)


Message History

You closely miss the orc. The orc hits you with a short sword.
You barely miss the orc. The orc hits you but does no damage.
You hit the orc.
The orc is heavily wounded.
The orc hits you but does no damage.
You barely miss the orc.
The orc is heavily wounded.
The orc hits you with a short sword.
You hit the orc but do no damage.
The orc is heavily wounded.
The orc hits you but does no damage.
You hit the orc.
You kill the orc!
You have reached level 4!
You feel stronger.
Your demonic ancestry asserts itself...
Your fingernails lengthen.
Things that are here:
a short sword; a leather armour There isn't anything to butcher here.
Are you sure you want to abandon this character and quit the game? (Confirm with "yes".)

#.# ##........##.. # #.#
#.......###.. ## #.##
#.####.## #.) .### #..#
##.# #.###### ...###
##.###..# #..##...
#....####### #.##..##
##..#.## ##.........#
#..>.## ##....#
#######.#.# #..### ###...
#.#.## ##@(# #....
#.#..###..### #....
#.....).....### ##.... #
####...##.#...#######.....
# ##<####.###.......#.....
##
#........######.........
.##
##.#####....###..###....(
..# ##..# #.##.....##
##.... #.# ##..##
#.#####..# #....


There were no monsters in sight!

Vanquished Creatures
  2 adders (D:2)
  An ooze (D:1)
  2 worms (D:3)
  2 leopard geckos
  An orc (D:2)
  4 giant cockroaches
  3 goblins
  3 hobgoblins
  3 jackals (D:1)
  2 kobolds
  5 bats
  5 frilled lizards
  3 rats
36 creatures vanquished.

Notes
Turn   | Place    | Note
-------+----------+-------------------------------------------
     0 | D:1      | Alarkh the Demonspawn Monk began the quest for the Orb.
     0 | D:1      | Reached XP level 1. HP: 18/18 MP: 1/1
   232 | D:1      | Reached skill level 3 in Axes
   267 | D:1      | Gained mutation: You are partially covered in thin metallic scales. (AC +2) [demonic ancestry]
   267 | D:1      | Reached XP level 2. HP: 17/24 MP: 2/2
   755 | D:2      | Reached XP level 3. HP: 29/29 MP: 3/3
   778 | D:2      | Reached skill level 4 in Axes
  1516 | D:3      | Noticed Sigmund
  2064 | D:2      | Gained mutation: You have sharp fingernails. [demonic ancestry]
  2064 | D:2      | Reached XP level 4. HP: 26/35 MP: 4/4
  2069 | D:2      | Quit the game

Skill      XL: |  1  2  3 |
---------------+----------+-----
Axes           | 3 4 |  4.4
Fighting       | |  3.0
Dodging        | |  2.6
Stealth        | |  1.7

Action                   |  1- 3 |  4- 6 || total
-------------------------+-------+-------++-------
Melee: Hand axe          |   143 |       ||   143
  Use: Potion            |     4 |       ||     4
 Stab: Sleeping          |     3 |       ||     3
  Eat: Chunk             |     3 |       ||     3
Armor: Robe              |    37 |       ||    37
       Ring mail         |    16 |       ||    16
Dodge: Dodged            |    99 |       ||    99
